 Dungeon Crawl Stone Soup version 0.25-a0-632-g7713895373 (webtiles) character file.

Game seed: 13327460056717355361, levelgen mode: classic

42 EnegeticOcto the Skirmisher (level 3, -3/26 HPs)
             Began as an Octopode Fighter on Mar 19, 2020.
             Slain by a worm (10 damage)
             ... on level 2 of the Dungeon.
             The game lasted 00:00:47 (1079 turns).

EnegeticOcto the Skirmisher (Octopode Fighter)      Turns: 1079, Time: 00:00:48

Health: -3/26      AC:  1    Str: 15    XL:     3   Next: 56%
Magic:  3/3        EV: 12    Int: 10    God:
Gold:   77         SH:  8    Dex: 12    Spells: 2/2 levels left

rFire    . . .     SeeInvis .   a - +0 long sword
rCold    . . .     Gourm    .   b - +0 kite shield
rNeg     . . .     Faith    .   (helmet restricted)
rPois    +         Spirit   .   (no amulet)
rElec    .         Reflect  .   m - ring of poison resistance
rCorr    .         Harm     .   (no ring)
MR       .....                  (no ring)
Stlth    ++........             (no ring)
HPRegen  0.08/turn              (no ring)
MPRegen  0.08/turn              (no ring)
                                (no ring)
                                (no ring)

@: no status effects
A: almost no armour, stealthy swim, amphibious, 8 rings, constrict 8, camouflage
1, gelatinous body 1
a: no special abilities


You were on level 2 of the Dungeon.
You were hungry.

You visited 1 branch of the dungeon, and saw 2 of its levels.

You collected 77 gold pieces.

Inventory:

Hand Weapons
 a - a +0 long sword (weapon)
Missiles
 j - 7 curare-tipped darts (quivered)
Armour
 b - a +0 kite shield (worn)
Jewellery
 m - a ring of poison resistance (left tentacle)
Wands
 n - a wand of disintegration (12)
Scrolls
 c - a scroll of identify {unknown}
 d - 2 scrolls of remove curse {unknown}
 h - a scroll of random uselessness {unknown}
 i - a scroll of magic mapping {unknown}
Potions
 f - a potion of curing {unknown}
 k - a potion of might {@q3}
 l - a potion of invisibility {unknown}
Comestibles
 e - 7 rations
 g - a chunk of flesh


   Skills:
 + Level 3.3 Fighting
 * Level 2.8 Long Blades
 + Level 3.3 Dodging
 + Level 3.2 Shields
 + Level 0.1 Evocations


You had 2 spell levels left.
You didn't know any spells.
Your spell library was empty.

Dungeon Overview and Level Annotations

Branches:
Dungeon (2/15)

Altars:

Annotations:
D:2 Terence


Innate Abilities, Weirdness & Mutations

You cannot wear most types of armour.
You are very stealthy in the water. (Stealth+)
You are amphibious.
You can wear up to eight rings at the same time.
You can use your tentacles to constrict eight enemies at once.
Your skin changes colour to match your surroundings (Stealth+).
Your rubbery body absorbs attacks. (AC +1, EV +1)


Message History

There is an open door here.
You hit the dart slug. You grab the dart slug. You squeeze the dart slug.
The dart slug is severely wounded.
You constrict the dart slug. The dart slug closely misses you.
You hit the dart slug but do no damage.
The dart slug is almost dead.
You constrict the dart slug.
You kill the dart slug!
No target in view!
No target in view!
No target in view!
No target in view!
No target in view!
There is an open door here.
You see here a bat skeleton.
You see here a wand of disintegration (12).
n - a wand of disintegration (12)
A leopard gecko comes into view.
A leopard gecko is nearby!
Found a falchion and a ration.
No target in view!
No target in view!
No target in view!
No target in view!
No target in view!
No target in view!
No target in view!
No target in view!
No target in view!
No target in view!
The leopard gecko is too close now for your liking.
The leopard gecko hisses angrily.
The leopard gecko bites you.
You closely miss the leopard gecko. You grab the leopard gecko.
You constrict the leopard gecko. The leopard gecko misses you.
You riposte.
You hit the leopard gecko.
You kill the leopard gecko!
No target in view!
No target in view!
No target in view!
No target in view!
No target in view!
No target in view!
No target in view!
e - 7 rations (gained 1)
You open the door.
A kobold comes into view.
A kobold is nearby!
The kobold shouts!
The kobold barely misses you.
There is an open door here.
You hit the kobold. Your grab misses the kobold.
Your squeeze misses the kobold.
The kobold is moderately wounded.
The kobold barely misses you.
You riposte.
You barely miss the kobold. Your grab misses the kobold.
The kobold is moderately wounded.
You block the kobold's attack.
Your shield prevents you from hitting the kobold.
You grab the kobold.
The kobold is moderately wounded.
You constrict the kobold, but do no damage.
The kobold hits you.
You hit the kobold.
The kobold is heavily wounded.
You constrict the kobold.
You kill the kobold!
No target in view!
No target in view!
No target in view!
You see here 2 stones.
A hobgoblin and an ogre come into view.
Found an escape hatch in the floor.
There are monsters nearby!
A worm comes into view.
You are feeling hungry.
The ogre shouts!
A goblin comes into view. It is wielding a +0 dagger.
Found a short sword.
There is an escape hatch in the floor here.
The goblin shouts!
You hit the hobgoblin.
You kill the hobgoblin!
The ogre barely misses you.
You riposte.
You slash the ogre! Your squeeze misses the ogre.
The ogre is moderately wounded.
Things that are here:
a +0 club; a hobgoblin corpse You hit the ogre but do no damage.
You squeeze the ogre.
The ogre is heavily wounded.
Terence the Incautious comes into view.
He is wielding a +0 short sword.
The ogre barely misses you.
Terence shouts!
You hit the ogre. Your squeeze misses the ogre.
The ogre is severely wounded.
The ogre hits you with a +0 giant spiked club!!
Ouch! That really hurt!
* * * LOW HITPOINT WARNING * * *
The worm bites you!
You die...

#.. +# #.. #.#
#.@. #.#
##...#####.#
.......?...#
...........#
.)....w....#
#...gO@>..######
#########......#
#......#
#......#
#########+##
#......#
#..........#
#......#
#..........####
#.######
#.............#
#.#
#.............#
#(#


You could see an ogre, Terence, a worm and a goblin.

Vanquished Creatures
  An ooze (D:2)
  2 dart slugs (D:2)
  3 leopard geckos
  4 bats
  A giant cockroach (D:1)
  5 goblins (D:1)
  A hobgoblin (D:2)
  3 jackals (D:2)
  2 kobolds
  2 frilled lizards
  4 rats
28 creatures vanquished.

Notes
Turn   | Place    | Note
-------+----------+-------------------------------------------
     0 | D:1      | EnegeticOcto the Octopode Fighter began the quest for the
                  | Orb.
     0 | D:1      | Reached XP level 1. HP: 16/16 MP: 1/1
   346 | D:1      | Reached XP level 2. HP: 21/21 MP: 2/2
   837 | D:2      | Reached XP level 3. HP: 26/26 MP: 3/3
  1073 | D:2      | Noticed an ogre
  1078 | D:2      | Noticed Terence
  1079 | D:2      | Slain by a worm

Levels and vault maps discovered:
D:1:      wander_arrival_abandoned_jail, layout_basic,
          chequers_serial_rivers_marsh, kennysheep_another_room,
          minmay_misc_feat_enclosed
D:2:      layout_basic, minmay_stone_trees_medium, uniq_terence

Action                   || total
-------------------------++-------
Melee: Long sword        ||    40
       Constrict         ||    13
       Tentacles         ||    10
 Stab: Sleeping          ||     5
Armor: Skin              ||     1
Dodge: Dodged            ||    21
Block: Kite shield       ||    13
       Rpst.: Long sword ||    11

Table legend:
 A = Non-vault XP
 B = Vault XP
 C = Vault XP percentage of total XP
 D = Non-vault monster count
 E = Vault monster count
 F = Vault count percentage of total count
                 A         B        C        D         E       F
            +---------+---------+-------+---------+---------+-------
      Total |      61 |       0 |   0.0 |      28 |       0 |   0.0
            +---------+---------+-------+---------+---------+-------
        D:1 |      27 |       0 |   0.0 |      14 |       0 |   0.0
        D:2 |      34 |       0 |   0.0 |      14 |       0 |   0.0
            +---------+---------+-------+---------+---------+-------
